 Dungeon Sprint DCSS version 0.28-a0-1510-gd0f6b136d3 (webtiles) character file.

Game seed: 11162069674313449426

120 mhtbhm the Covered (level 4, -9/45 HPs)
             Began as a Minotaur Fighter on Jan 15, 2022.
             Was a Believer of Qazlal.
             Mangled by Sigmund (12 damage)
             ... in the Dungeon (Sprint VII: "The Pits").
             The game lasted 00:00:30 (171 turns).

mhtbhm the Covered (Minotaur Fighter)                Turns: 171, Time: 00:00:30

Health: -9/45      AC:  8    Str: 23    XL:     4   Next: 75%
Magic:  3/3        EV:  9    Int:  5    God:    Qazlal [**....]
Gold:   0          SH:  8    Dex:  9    Spells: 3/3 levels left

rFire   . . .      SeeInvis .   a - +2 hand axe
rCold   . . .      Faith    .   c - +0 buckler
rNeg    . . .      Spirit   .   b - +0 scale mail
rPois   .          Reflect  .   (helmet restricted)
rElec   .          Harm     .   (no cloak)
rCorr   .          Rampage  .   (no gloves)
Will    .....      NoTele   +   (no boots)
Stlth   ..........              (no amulet)
HPRegen 0.15/turn               (no ring)
MPRegen 0.08/turn               (no ring)

@: no status effects
A: horns 2, retaliatory headbutt
a: Renounce Religion, Upheaval


You were in the Dungeon.
You worshipped Qazlal.
Qazlal was pleased with you.
You visited 1 branch

Inventory:

Hand Weapons
 a - a +2 hand axe (weapon)
Armour
 b - a +0 scale mail (worn)
 c - a +0 buckler (worn)
Scrolls
 j - a scroll of blinking
 l - 5 scrolls of amnesia
 m - a scroll of summoning
Potions
 d - a potion of might
 e - a potion of curing
 f - a potion of heal wounds
 g - a potion of haste
 h - 4 potions of magic
 i - 3 potions of berserk rage
 k - 2 potions of invisibility


   Skills:
 + Level 6.9 Fighting
 + Level 4.0 Axes
 + Level 7.4 Armour
 + Level 0.5 Dodging
 + Level 7.3 Shields


You had 3 spell levels left.
You didn't know any spells.
Your spell library was empty.

Dungeon Overview and Level Annotations

Branches:
Dungeon (1/1)

Altars:
Ashenzari
Cheibriados
Dithmenos
Elyvilon
Fedhas
Gozag
Hepliaklqana
Kikubaaqudgha
Makhleb
Nemelex Xobeh
Okawaru
Qazlal
Ru
Sif Muna
Trog
Uskayaw
Vehumet
Wu Jian
Xom
Yredelemnul
Zin
The Shining One
Beogh
Jiyva
Lugonu

Annotations:
D Sigmund


Innate Abilities, Weirdness & Mutations

You have a pair of horns on your head.
You reflexively headbutt those who attack you in melee.


Message History

Sigmund flickers and vanishes!
Deactivating autopickup; reactivate with Ctrl-A.
You block the quokka's attack.
You miss the quokka.
The quokka bites you but does no damage.
You hit the quokka but do no damage.
The quokka bites you but does no damage.
Something completely misses you.
You hit the quokka.
You kill the quokka!
Qazlal accepts your kill.
You can now call upon nature to destroy your foes.
Something hits you! Something freezes you.
You slash the orc!
You kill the orc!
Qazlal accepts your kill.
No target in view!
No target in view!
No target in view!
No target in view!
No target in view!
No target in view!
No target in view!
No target in view!
No target in view!
No target in view!
No target in view!
You block something's attack.
There is an open door, spattered with blood here.
Things that are here:
a +0 hand axe; an orc corpse You hit something.
Something hits you! Something freezes you.
You barely miss something. Your headbutt misses something.
You closely miss something. Something hits you but does no damage.
You barely miss something. Something hits you!
* * * LOW HITPOINT WARNING * * *
Something freezes you.
* * * LOW HITPOINT WARNING * * *
You slash something! Something hits you!
You die...

##########.##..........
#...........'..........
#+#####'#####......#..#
#.....# #..........
#.....# ####'#####+
###†### #.......#
#.....# #.......#
#...§.# #.......#
####@## #...<...#
#..°{....##.......#
#........##.......#
###########.......#
#########


There were no monsters in sight!

Vanquished Creatures
  A floating eye (D)
  2 ufetubi (D)
  An orc (D)
  A ball python (D)
  A bat skeleton (D)
  A giant cockroach (D)
  A quokka (D)
8 creatures vanquished.

Notes
Turn   | Place    | Note
-------+----------+-------------------------------------------
     0 | D        | mhtbhm the Minotaur Fighter began the quest for the Orb.
     0 | D        | Reached XP level 1. HP: 19/19 MP: 0/0
    20 | D        | Found a bloodstained altar of Trog.
    20 | D        | Found a shimmering blue altar of Sif Muna.
    20 | D        | Found a viscous altar of Jiyva.
    20 | D        | Found a hazy altar of Hepliaklqana.
    20 | D        | Found an opulent altar of Gozag.
    21 | D        | Found a glowing golden altar of the Shining One.
    21 | D        | Found a glowing silver altar of Zin.
    21 | D        | Found a basalt altar of Yredelemnul.
    21 | D        | Found a shimmering altar of Xom.
    21 | D        | Found an ornate altar of the Wu Jian Council.
    21 | D        | Found a sacrificial altar of Ru.
    21 | D        | Found a stormy altar of Qazlal.
    21 | D        | Found an iron altar of Okawaru.
    21 | D        | Found a sparkling altar of Nemelex Xobeh.
    21 | D        | Found a burning altar of Makhleb.
    21 | D        | Found a blossoming altar of Fedhas.
    21 | D        | Found a white marble altar of Elyvilon.
    21 | D        | Found a shadowy altar of Dithmenos.
    21 | D        | Found a snail-covered altar of Cheibriados.
    23 | D        | Found a radiant altar of Vehumet.
    23 | D        | Found a corrupted altar of Lugonu.
    24 | D        | Found a hide-covered altar of Uskayaw.
    24 | D        | Found an ancient bone altar of Kikubaaqudgha.
    24 | D        | Found a broken altar of Ashenzari.
    28 | D        | Became a worshipper of Qazlal Stormbringer
    71 | D        | Reached * piety under Qazlal
    72 | D        | Reached XP level 2. HP: 22/28 MP: 1/1
   148 | D        | Noticed a floating eye
   148 | D        | Paralysed by a floating eye for 2 turns
   151 | D        | Killed a floating eye
   152 | D        | Reached XP level 3. HP: 38/38 MP: 2/2
   152 | D        | Reached XP level 4. HP: 45/45 MP: 3/3
   156 | D        | Noticed Sigmund
   164 | D        | Reached ** piety under Qazlal
   171 | D        | Mangled by Sigmund

Illustrated notes

Levels and vault maps discovered:
D:        pitsprint [storerooms_1, entrance_room_1, metal_vault_3, armoury_2,
          mini_pit_1, grid_room_1, main_hall_1, silver_pit, the_coven_1,
          the_vestibule_1, steel_vault_1, golden_pit, hallway_of_sentries,
          crystal_vault_6, iron_vault_2, final_vault]

Skill      XL: |  1  2 |
---------------+-------+-----
Fighting       | 4 6 |  6.9
Armour         | 4 7 |  7.4
Shields        | 4 7 |  7.3
Axes           | 4 |  4.0
Dodging        | |  0.5

Action                   |  1- 3 |  4- 6 || total
-------------------------+-------+-------++-------
Melee: Hand axe          |     7 |    11 ||    18
       War axe           |     3 |       ||     3
       Headbutt          |     3 |       ||     3
Armor: Scale mail        |     8 |     4 ||    12
Dodge: Dodged            |     4 |     2 ||     6
Block: Buckler           |     4 |     2 ||     6

Table legend: (Time is in decaauts)
 A = Elapsed time spent in this place.
 B = Non-inter-level travel time spent in this place.
 C = Inter-level travel time spent in this place.
 D = Time resting spent in this place.
 E = Time spent auto-exploring this place.
 F = Levels seen in this place.
 G = Mean time per level.
                   A        B        C        D        E       F      G
               +--------+--------+--------+--------+--------+-----+--------+
         Total |    174 |    174 |      0 |     70 |      0 |   1 |  174.0 |
       Dungeon |    174 |    174 |      0 |     70 |      0 |   1 |  174.0 |
               +--------+--------+--------+--------+--------+-----+--------+

Top non-repeatable levels by time:
       D: 174 daAuts
